 Dungeon Crawl Stone Soup version 0.20-a0-433-g9e36e56 (webtiles) character file.

20 Kriby the Magician (level 2, 0/21 HPs)
             Began as a Mummy Fire Elementalist on Jan 4, 2017.
             Slain by a hobgoblin (3 damage)
             ... on level 1 of the Dungeon.
             The game lasted 00:01:04 (603 turns).

Kriby the Magician (Mummy Fire Elementalist)         Turns: 603, Time: 00:01:05

Health: 0/21       AC: 14    Str: 11    XL:     2   Next: 58%
Magic:  5/5        EV: -3    Int: 14    God:
Gold:   13         SH:  0    Dex: 12    Spells: 5/6 levels left

rFire  x . .     SeeInvis .     f - +0 club
rCold  + . .     Gourm    .     e - +0 crystal plate armour
rNeg   + + +     Faith    .     (no shield)
rPois  ∞         Spirit   .     (no helmet)
rElec  .         Reflect  .     (no cloak)
rCorr  .         Harm     .     (no gloves)
MR     .....                    (no boots)
Stlth  ..........               (no amulet)
                                (no ring)
                                (no ring)

@: no status effects
A: no food or potions, fire vulnerability, cold resistance 1, negative energy
resistance 3, torment resistance, unbreathing
a: no special abilities


You were on level 1 of the Dungeon.
You were not hungry.

You visited 1 branch of the dungeon, and saw 1 of its levels.

You collected 13 gold pieces.

Inventory:

Hand Weapons
 f - a +0 club (weapon)
Armour
 a - a +0 robe
 e - a +0 crystal plate armour (worn)
Scrolls
 c - a scroll of amnesia {unknown}
 d - 2 scrolls of identify {unknown}
 g - a scroll of noise {unknown}
Books
 b - a book of Flames

   Spells                             Type                      Level
   a - Flame Tongue                   Conjuration/Fire             1
   b - Throw Flame                    Conjuration/Fire             2
   c - Conjure Flame                  Conjuration/Fire             3
   d - Inner Flame                    Hexes/Fire                   3
   e - Sticky Flame                   Conjuration/Fire             4
   f - Fireball                       Conjuration/Fire             5


   Skills:
 + Level 1.4 Fighting
 - Level 1.0 Throwing
 - Level 1.5 Dodging
 - Level 1.5 Stealth
 - Level 2.6 Spellcasting
 - Level 1.0 Conjurations
 - Level 2.4 Fire Magic


You had 5 spell levels left.
You knew the following spells:

 Your Spells              Type           Power        Failure   Level  Hunger
a - Flame Tongue          Conj/Fire      #....        100%        1    N/A

Dungeon Overview and Level Annotations

Branches:
Dungeon (1/15)

Altars:


Innate Abilities, Weirdness & Mutations

You do not eat or drink.
Your flesh is vulnerable to fire.
You are immune to poison.
Your flesh is cold resistant. (rC+)
You are immune to negative energy. (rN+++)
You are immune to unholy pain and torment.
You can survive without breathing.


Message History

Things that are here:
a club; a short sword The bat hits you but does no damage.
Your crystal plate armour prevents you from hitting the bat.
The bat hits you but does no damage.
You closely miss the hobgoblin. The hobgoblin hits you.
* * * LOW HITPOINT WARNING * * *
Your crystal plate armour prevents you from hitting the hobgoblin.
The hobgoblin hits you but does no damage. x2
Your crystal plate armour prevents you from hitting the hobgoblin.
The hobgoblin hits you but does no damage.
Your crystal plate armour prevents you from hitting the hobgoblin.
The hobgoblin hits you but does no damage.
Your crystal plate armour prevents you from hitting the hobgoblin.
The hobgoblin hits you.
* * * LOW HITPOINT WARNING * * *
The hobgoblin hits you but does no damage.
Your crystal plate armour prevents you from hitting the hobgoblin.
The hobgoblin hits you.
You die...

#.##...###### ###
##........... ..#
#.#.##.....#### #.#
#..........(# ##.##
#####.....#.###...#######
##...##.##...........
#.####.##b.......... #.#
#.##g#.#######. #.#
#.##@###### #.#
#...........
#.........#######
###########


You could see a hobgoblin and a bat.

Vanquished Creatures
  2 oozes (D:1)
  3 bats (D:1)
  2 hobgoblins (D:1)
  2 frilled lizards (D:1)
  2 goblins (D:1)
  A kobold (D:1)
  A rat (D:1)
13 creatures vanquished.

Notes
Turn   | Place    | Note
-------+----------+-------------------------------------------
     0 | D:1      | Kriby the Mummy Fire Elementalist began the quest for the Orb.
     0 | D:1      | Reached XP level 1. HP: 13/13 MP: 4/4
    84 | D:1      | Reached skill level 1 in Conjurations
   497 | D:1      | Reached XP level 2. HP: 20/20 MP: 5/5
   523 | D:1      | Reached skill level 1 in Fighting
   571 | D:1      | Reached skill level 1 in Throwing
   603 | D:1      | Slain by a hobgoblin

Vault maps used:
D:1:      kennysheep_arrival_seaside

Skill      XL: |  1  2 |
---------------+-------+-----
Conjurations   | 1 |  1.0
Fighting       | 1 |  1.4
Throwing       | 1 |  1.0
Dodging        | |  1.5
Stealth        | |  1.5
Spellcasting   | |  2.6
Fire Magic     | |  2.4

Action                   || total
-------------------------++-------
Melee: Unarmed           ||    72
       Club              ||    60
 Cast: Flame Tongue      ||     3
Armor: Crystal plate arm ||   192
       Robe              ||     1
Dodge: Dodged            ||     8
